 Dungeon Crawl Stone Soup version 0.31-a0-848-gaac375c287 (webtiles) character file.

Game seed: 322628988094000984

1 Kurtz the Sneak (level 1, -1/18 HPs)
             Began as a Mummy Delver on Oct 4, 2023.
             Slain by an iguana (11 damage)
             ... on level 5 of the Dungeon.
             The game lasted 00:00:03 (57 turns).

Kurtz the Sneak (Mummy Delver)                        Turns: 57, Time: 00:00:04

Health: -1/18      AC:  3    Str: 15    XL:     1   Next: 16%
Magic:  1/1        EV: 11    Int:  9    God:
Gold:   0          SH:  0    Dex: 13    Spells: 0/0 levels left

rFire   x . .        a - +0 hand axe
rCold   + . .        (no shield)
rNeg    + + +        b - +0 leather armour
rPois   ∞            (no helmet)
rElec   .            (no cloak)
rCorr   .            (no gloves)
SInv    .            (no boots)
Will    .....        (no amulet)
Stlth   ++           (no ring)
HPRegen 0.23/turn    (no ring)
MPRegen 0.07/turn

%: faith
@: no status effects
A: cold resistance 1, negative energy resistance 3, torment resistance 2, heat
vulnerability 1, in touch with death 1, no potions, faith
a: no special abilities


You were on level 5 of the Dungeon.
You visited 1 branch of the dungeon, and saw 1 of its levels.

Inventory:

Hand Weapons
 a - a +0 hand axe (weapon)
Armour
 b - a +0 leather armour (worn)
Jewellery
 g - a ring of resist corrosion
Wands
 f - a wand of digging (3)
 h - a wand of charming (12)
Scrolls
 c - a scroll of fog
 d - a scroll of revelation
 e - a scroll of fear


   Skills:
 - Level 3.0 Fighting
 * Level 1.7 Axes
 - Level 1.5 Dodging
 - Level 4.1 Stealth


You couldn't memorise any spells.
You didn't know any spells.
Your spell library contained the following spells:

 Spells                   Type           Power      Damage    Failure   Level
 Volatile Blastmotes      Fire/Tloc      0%         2d10      83%         3
 Fulminant Prism          Conj/Hex       0%         3d5       99%         4
 Iskenderun's Mystic Bla  Conj/Tloc      0%         2d3       99%         4


Dungeon Overview and Level Annotations

Branches:
Dungeon (5/15)
 Temple: D:4-7

Altars:


Innate Abilities, Weirdness & Mutations

You are immune to poison.
Your flesh is cold resistant. (rC+)
You are immune to negative energy. (rN+++)
You are immune to unholy pain and torment.
You are vulnerable to heat. (rF-)
You are in touch with the powers of death.
You do not drink.
You have a special connection with the divine. (Faith)


Message History

g - a ring of resist corrosion No target in view!
Key pressed, stopping explore.
No target in view!
No target in view!
No target in view!
No target in view!
h - a wand of charming (12) No target in view!
No target in view!
A jackal comes into view.
A jackal comes into view.
There are monsters nearby!
There are monsters nearby!
An iguana comes into view.
The iguana hisses angrily.
The jackal barks!
You closely miss the jackal. The jackal closely misses you.
You closely miss the jackal. You hit the jackal but do no damage.
The jackal misses you. The jackal bites you. The jackal barely misses you.
The jackal bites you but does no damage.
You closely miss the jackal. x2; The jackal bites you.
The jackal bites you but does no damage. x2
The jackal misses you.
You completely miss the jackal. You barely miss the jackal.
The jackal bites you but does no damage.
The jackal barely misses you. The jackal bites you.
You closely miss the iguana. You hit the jackal. x2
The jackal bites you but does no damage.
The jackal misses you. The jackal bites you. The iguana barely misses you.
You hit the jackal.
You kill the jackal!
You hit the iguana but do no damage. You hit the jackal. The jackal bites you.
The iguana barely misses you. The jackal bites you.
Unknown command.
You barely miss the jackal.
The jackal is almost dead.
You hit the iguana but do no damage. The jackal bites you.
The iguana bites you!
Ouch! That really hurt!
You die...

.#...............#...
.......#.....#........
......##...##..!..... .
......#.....#........ ..
#...............#...
#..###..#.......#..###..
##.....###.....###.....#
#.....l.#..###..#.......
......h@....#...........
##....†#.........#.....#
##...##.........##...##
##.. #.........#.....#
#.# .....#...........
... .##..###..#.......
### ^# ##.# .###.....#
## #.


You could see an iguana and a jackal.

Vanquished Creatures
  A jackal (D:5)
1 creature vanquished.

Notes
Turn   | Place    | Note
-------+----------+-------------------------------------------
     0 | D:5      | Kurtz the Mummy Delver began the quest for the Orb.
     0 | D:5      | Reached XP level 1. HP: 18/18 MP: 1/1
    50 | D:5      | Noticed an iguana
    57 | D:5      | Slain by an iguana

Illustrated notes

Levels and vault maps discovered:
D:5:      nicolae_cairo_tiling_large_dashed, layout_loops_ring,
          dreamdust_princess_corridor

Action                     || total
---------------------------++-------
  Melee: Hand axe          ||     7
 Armour: Leather armour    ||    13
  Dodge: Dodged            ||     8

Table legend: (Time is in decaauts)
 A = Elapsed time spent in this place.
 B = Non-inter-level travel time spent in this place.
 C = Inter-level travel time spent in this place.
 D = Time resting spent in this place.
 E = Time spent auto-exploring this place.
 F = Levels seen in this place.
 G = Mean time per level.
                   A        B        C        D        E       F      G
               +--------+--------+--------+--------+--------+-----+--------+
         Total |     58 |     58 |      0 |      0 |     43 |   1 |   58.0 |
       Dungeon |     58 |     58 |      0 |      0 |     43 |   1 |   58.0 |
               +--------+--------+--------+--------+--------+-----+--------+

Top non-repeatable levels by time:
     D:5: 58 daAuts
